 Dungeon Crawl Stone Soup version 0.31-a0-632-g766dd24fdf (webtiles) character file.

Game seed: 5305742226576427420

6 ytrimaz the Changeling (level 1, -1/19 HPs)
             Began as an Octopode Shapeshifter on Aug 25, 2023.
             Slain by a kobold
             ... wielding a +0 short sword
              (2 damage)
             ... on level 1 of the Dungeon.
             The game lasted 00:00:31 (225 turns).

ytrimaz the Changeling (Octopode Shapeshifter)       Turns: 225, Time: 00:00:31

Health: -1/19      AC: 20    Str: 14    XL:     1   Next: 90%
Magic:  1/1        EV:  2    Int: 10    God:
Gold:   44         SH:  0    Dex: 12    Spells: 0/0 levels left

rFire   . .          .
                       - Unarmed
rCold   . . .        (no shield)
rNeg    . . .        (helmet currently unavailable)
rPois   +            (no amulet)
rElec   .            (no ring)
rCorr   .            (no ring)
SInv    .            (no ring)
Will    .....        (no ring)
Stlth   ++           (no ring)
HPRegen 0.23/turn    (no ring)
MPRegen 0.07/turn    (no ring)
                     (no ring)

%: no passive effects
@: tree-form, attractive
A: stationary, stasis, torment immunity, boosted hp, almost no armour,
(amphibious), 8 rings, (camouflage 1), (gelatinous body 1), (nimble swimmer 1),
(tentacles)
a: no special abilities


You were on level 1 of the Dungeon.
You were a tree.
You visited 1 branch of the dungeon, and saw 1 of its levels.

You collected 44 gold pieces.


Innate Abilities, Weirdness & Mutations

You are a tree.
Your roots penetrate the ground, keeping you stationary.
You cannot be teleported.
You are immune to unholy pain and torment.
Your maximum health is greatly increased.
You cannot wear most types of armour.
((You are amphibious.))
You can wear up to eight rings at the same time.
((Your skin changes colour to match your surroundings (Stealth+).))
((Your rubbery body absorbs attacks. (AC +1, EV +1)))
((You are camouflaged when in or above water. (Stealth+)))
((You have tentacles for arms and can constrict up to eight enemies at once.))


   Skills:
 - Level 1.0 Fighting
 - Level 2.0 Dodging
 + Level 1.1 Stealth
 + Level 3.1 Unarmed Combat
 + Level 3.1 Shapeshifting


You couldn't memorise any spells.
You didn't know any spells.
Your spell library was empty.

Inventory:

Talismans
 b - a beast talisman
 c - a flux talisman
Scrolls
 e - a scroll of identify {unknown}
Potions
 a - a potion of lignification

Dungeon Overview and Level Annotations

Branches:
Dungeon (1/15) Zot: 5774

Altars:

###.## . .?..# # #.
$...# ##. #...#
#..## #...# #....
...# # #...#
####Kg###.##
#.#...###...♣.......
#...........)J#...##
##..(.†..=..>#.###
###.#########.#
##### #.# #.# #....
#.# #.# #####.##.
#)# #.# #........
#.# #.# #.#######
#.# #.# #..#### #


You could see an endoplasm, a goblin and a kobold.


Message History

You now have 44 gold pieces (gained 9).
Things that are here:
a +0 short sword of venom; 4 stones Key pressed, stopping explore.
You see here a +2 cloak.
Key pressed, stopping explore.
A kobold comes into view.
It is wielding a +0 short sword of distortion.
The helpless kobold fails to defend itself.
You tentacle-slap the kobold but do no damage.
You grab the kobold. You constrict the kobold.
The kobold hits you with a +0 short sword of distortion.
You blink.
You lose your grip on the kobold. 😮 HP[-4]
You take 4 damage, and now have 9/13 hp.
MASSIVE DAMAGE!! (PAUSE) Unknown command.
Unknown command. 😕 HP[+1]
You closely miss the kobold. Your grab misses the kobold.
Your squeeze misses the kobold. The kobold barely misses you.
Unknown command.
You closely miss the kobold. Your grab misses the kobold.
You squeeze the kobold.
You kill the kobold!
Unknown command.
Things that are here:
a +0 short sword of distortion; a kobold corpse You see here a +0 dagger.
A hobgoblin comes into view. 😎 HP[+3]
Your hp is fully restored (13).
A hobgoblin is nearby!
Unknown command.
A hobgoblin is nearby!
A hobgoblin is nearby!
An endoplasm comes into view.
Found a stone staircase leading down.
The helpless hobgoblin fails to defend itself.
You bludgeon the hobgoblin!
You kill the hobgoblin!
Your Stealth skill increases to level 1!
You see here a hobgoblin corpse.
A kobold comes into view. It is wielding a +0 short sword.
The kobold shouts!
Unknown command.
There are monsters nearby!
There are monsters nearby!
Unknown command.
A goblin comes into view. It is wielding a +0 club.
A kobold comes into view. It is wielding a +0 short sword.
The kobold hits you with a +0 short sword.
The kobold moves out of view. 😕 HP[-1]
You take 1 damage, and now have 12/13 hp.
You barely miss the kobold.
The goblin shouts!
Your grab misses the kobold.
You tentacle-slap the kobold, but do no damage.
The kobold hits you with a +0 short sword. 😮 HP[-3]
You take 3 damage, and now have 9/13 hp.
MASSIVE DAMAGE!! (PAUSE)
You are too injured to fight recklessly!
Unknown command.
The kobold shouts!
You tentacle-slap the kobold. Your grab misses the kobold.
The kobold hits you with a +0 short sword.
* * * LOW HITPOINT WARNING * * *
The endoplasm freezes you.
You are frozen.
* * * LOW HITPOINT WARNING * * *
😱 HP[-8]
You take 8 damage, and now have 1/13 hp.
MASSIVE DAMAGE!! (PAUSE)
Your transformation has ended.
You turn into a tree.
Your roots penetrate the ground.
The kobold hits you but does no damage. The endoplasm hits you.
* * * LOW HITPOINT WARNING * * *
You now have 19 max hp (+6).
Unknown command.
Unknown command.
It was a potion of attraction.
You feel attractive to monsters. The kobold barely misses you.
The endoplasm hits you but does no damage.
The kobold hits you with a +0 short sword.
* * * LOW HITPOINT WARNING * * *
Unknown command.
Unknown command.
Unknown command.
You closely miss the kobold. The kobold hits you but does no damage.
The endoplasm hits you but does no damage.
The kobold hits you but does no damage. The goblin hits you but does no damage.
Unknown command.
You smack the kobold!
You kill the kobold!
The goblin hits you but does no damage.
The kobold hits you with a +0 short sword.
You die...

Skill      XL: |  1 |
---------------+----+-----
Stealth        | 1 |  1.1
Fighting       | |  1.0
Dodging        | |  2.0
Unarmed Combat | |  3.1
Shapeshifting  | |  3.1

Action                     || total
---------------------------++-------
  Melee: Unarmed           ||    12
         Tentacles         ||     2
         Constrict         ||     1
         Punch             ||     1
    Use: Potion            ||     2
   Stab: Sleeping          ||     3
 Armour: Skin              ||     7
  Dodge: Dodged            ||     5

Levels and vault maps discovered:
D:1:      grunt_arrival_crossed_arrows, layout_loops_ring

Notes
Turn   | Place    | Note
-------+----------+-------------------------------------------
     0 | D:1      | ytrimaz the Octopode Shapeshifter began the quest for the
                  | Orb.
     0 | D:1      | Reached XP level 1. HP: 13/13 MP: 1/1
     0 | D:1      | magus.rc [v1.9.6]
   214 | D:1      | Reached skill level 1 in Stealth
   221 | D:1      | HP: 1/13 [frozen (5)]
   225 | D:1      | Slain by a kobold

Vanquished Creatures
  A bat (D:1)
  A giant cockroach (D:1)
  A hobgoblin (D:1)
  3 kobolds (D:1)
6 creatures vanquished.

Table legend:
 A = Non-vault XP
 B = Vault XP
 C = Vault XP percentage of total XP
 D = Non-vault monster count
 E = Vault monster count
 F = Vault count percentage of total count
                 A         B        C        D         E       F
            +---------+---------+-------+---------+---------+-------
      Total |      11 |       0 |   0.0 |       6 |       0 |   0.0
            +---------+---------+-------+---------+---------+-------
        D:1 |      11 |       0 |   0.0 |       6 |       0 |   0.0
            +---------+---------+-------+---------+---------+-------

Skill      XL: |  1 |
---------------+----+-----
Stealth        | 1 |  1.1
Fighting       | |  1.0
Dodging        | |  2.0
Unarmed Combat | |  3.1
Shapeshifting  | |  3.1

Action                     || total
---------------------------++-------
  Melee: Unarmed           ||    12
         Tentacles         ||     2
         Constrict         ||     1
         Punch             ||     1
    Use: Potion            ||     2
   Stab: Sleeping          ||     3
 Armour: Skin              ||     7
  Dodge: Dodged            ||     5

Illustrated notes

Table legend:
 A = Kills in this place as a percentage of kills in the entire game.
 B = Kills by you in this place as a percentage of kills by you in the entire game.
 C = Kills by friends in this place as a percentage of kills by friends in the entire game.
 D = Other kills in this place as a percentage of other kills in the entire game.
 E = Experience gained in this place as a percentage of experience gained in the entire game.
 F = Experience gained in this place divided by the number of levels of this place that you have seen.
                   A       B       C       D       E      F
               +-------+-------+-------+-------+-------+----------------------
         Total | 100.0 | 100.0 |   N/A |   N/A | 100.0 |  11.0
       Dungeon | 100.0 | 100.0 |   N/A |   N/A | 100.0 |  11.0
               +-------+-------+-------+-------+-------+----------------------

Table legend: (Time is in decaauts)
 A = Elapsed time spent in this place.
 B = Non-inter-level travel time spent in this place.
 C = Inter-level travel time spent in this place.
 D = Time resting spent in this place.
 E = Time spent auto-exploring this place.
 F = Levels seen in this place.
 G = Mean time per level.
                   A        B        C        D        E       F      G
               +--------+--------+--------+--------+--------+-----+--------+
         Total |    224 |    224 |      0 |      0 |    172 |   1 |  224.0 |
       Dungeon |    224 |    224 |      0 |      0 |    172 |   1 |  224.0 |
               +--------+--------+--------+--------+--------+-----+--------+

Top non-repeatable levels by time:
     D:1: 224 daAuts
